 Dungeon Crawl Stone Soup version 0.19-a0-1767-gb375097 (webtiles) character file.

29 Bzzzz the Sneak (level 3, -1/18 HPs)
             Began as a Spriggan Assassin on Oct 2, 2016.
             Slain by a hobgoblin
             ... wielding a +0 club
              (4 damage)
             ... on level 1 of the Dungeon.
             The game lasted 00:01:29 (833 turns).

Bzzzz the Sneak (Spriggan Assassin)                  Turns: 833, Time: 00:01:30

Health: -1/18      AC:  3    Str:  7    XL:     3   Next: 1%
Magic:  4/4        EV: 17    Int: 12    God:
Gold:   17         SH:  0    Dex: 18    Spells: 0 memorised, 2 levels left

rFire  . . .     SeeInvis +     b - +1 blowgun
rCold  . . .     Gourm    .     c - +0 robe
rNeg   + . .     Faith    .     (shield restricted)
rPois  .         Spirit   .     (helmet restricted)
rElec  .         Dismiss  .     d - +0 cloak
rCorr  .         Reflect  .     (gloves unavailable)
MR     .....     Harm     .     (boots unavailable)
Stlth  ++++......               (no amulet)
                                (no ring)
                                k - ring of positive energy

@: very quick
A: unfitting armour, see invisible, herbivore 3, speed 3, slow metabolism 2
a: no special abilities


You were on level 1 of the Dungeon.
You were not hungry.

You visited 1 branch of the dungeon, and saw 1 of its levels.

You collected 17 gold pieces.

Inventory:

Hand Weapons
 a - a +2 dagger
 b - a +1 blowgun (weapon)
Missiles
 e - 3 poisoned needles (quivered)
 f - 2 curare-tipped needles
Armour
 c - a +0 robe (worn)
 d - a +0 cloak (worn)
Jewellery
 k - a ring of positive energy (left hand)
Scrolls
 h - a scroll of magic mapping
Potions
 i - a potion of lignification {unknown}
 j - a potion of berserk rage {unknown}
 l - a potion of cancellation {unknown}
 m - 2 potions of ambrosia {unknown}
Comestibles
 g - a bread ration


   Skills:
 + Level 1.7 Fighting
 + Level 2.5 Short Blades
 + Level 2.3 Throwing
 + Level 2.0 Dodging
 * Level 6.6 Stealth


You had 2 spell levels left.
You didn't know any spells.

Dungeon Overview and Level Annotations

Branches:
Dungeon (1/15)

Altars:


Innate Abilities, Weirdness & Mutations

You are very small and have problems with some larger weapons.
You are too small for most types of armour.
You have supernaturally acute eyesight. (SInv)
You are a herbivore.
You cover ground extremely quickly.
You need consume almost no food.


Message History

You kill the jackal!
You have reached level 3!
Your experience leads to an increase in your attributes!
Increase (S)trength, (I)ntelligence, or (D)exterity?
You feel agile.
Unknown command.
Firing (i - inventory. (,) - cycle):
e - 5 poisoned needles (quivered)
Press: ? - help, Shift-Dir - straight line, f - hobgoblin
Aim: a hobgoblin, wielding a club You shoot a poisoned needle.
The poisoned needle closely misses the hobgoblin.
The poisoned needle hits the goblin.
The goblin is poisoned.
The hobgoblin hits you with a club.
* * * LOW HITPOINT WARNING * * *
Firing (i - inventory. (,) - cycle):
e - 4 poisoned needles (quivered)
Press: ? - help, Shift-Dir - straight line, f/p - hobgoblin
Aim: a hobgoblin, wielding a club You shoot a poisoned needle.
The poisoned needle hits the hobgoblin!
The hobgoblin is poisoned.
The hobgoblin hits you with a club.
You die...

#.......# #.##........# #...
#.......# #.##........###.#.
#.......# #.##..............
#.......###.##........#.#.##
#......)..............#.....
#.....................#.#.##
#.(.........................
######.)......###########.#.
######@### #... #g### ###.
*********#gl.# #.
**,,......'K..# #.
*,,,....###..)# #. *,,,..,,*
#.).# #. *,,,,,,,* #...# #.
*,,,,,,,* #(..# ***#.
*,,,,,,,* #...#******* *,,..


You could see a hobgoblin, a goblin, a kobold and a frilled lizard.

Vanquished Creatures
  An ooze (D:1)
  5 goblins (D:1)
  2 hobgoblins (D:1)
  5 jackals (D:1)
  4 kobolds (D:1)
  2 ball pythons (D:1)
  A bat (D:1)
  A rat (D:1)
21 creatures vanquished.

Notes
Turn   | Place    | Note
-------+----------+-------------------------------------------
     0 | D:1      | Bzzzz the Spriggan Assassin began the quest for the Orb.
     0 | D:1      | Reached XP level 1. HP: 10/10 MP: 2/2
    17 | D:1      | Reached skill level 6 in Stealth
   224 | D:1      | Reached XP level 2. HP: 14/14 MP: 3/3
   831 | D:1      | Reached XP level 3. HP: 5/18 MP: 4/4
   833 | D:1      | Slain by a hobgoblin

Vault maps used:
D:1:      roderic_chinese_lattice_arrival, serial_park_tiny_1

Skill      XL: |  1  2 |
---------------+-------+-----
Stealth        | 6 |  6.6
Dodging        | 2 |  2.0
Fighting       | |  1.7
Short Blades   | |  2.5
Throwing       | |  2.3

Action                   || total
-------------------------++-------
Melee: Dagger            ||    95
 Fire: Blowgun           ||     5
  Use: Scroll            ||     2
 Stab: Sleeping          ||     4
Armor: Robe              ||    27
Dodge: Dodged            ||    99
